 Dungeon Crawl Stone Soup version 0.17-a0-915-g8914353 (webtiles) character file.

5859 laxity the Arsonist (level 10, -2/59 HPs)
             Began as a Deep Elf Fire Elementalist on May 4, 2015.
             Was a Believer of Vehumet.
             Slain by a skeletal warrior
             ... wielding a +0 glaive
              (29 damage)
             ... on level 10 of the Dungeon.
             The game lasted 00:33:46 (14267 turns).

laxity the Arsonist (Deep Elf Fire Elementalist)   Turns: 14267, Time: 00:33:46

Health: -2/59      AC:  9    Str:  7    XL:     10   Next: 52%
Magic:  7/23       EV: 21    Int: 24    God:    Vehumet [**....]
Gold:   402        SH:  0    Dex: 15    Spells: 6 memorised, 7 levels left

rFire  + . .     SeeInvis .     v - +4 short sword (speed)
rCold  + . .     Clarity  .     I - +1 robe {rN+}
rNeg   + . .     SustAb   .     (no shield)
rPois  .         Gourm    +     (no helmet)
rElec  +         Spirit   .     A - +2 cloak of Starlight {rElec rC+ EV+4 Stlth--}
rCorr  .         Warding  .     k - +1 pair of gloves
rMut   .         Stasis   .     F - +0 pair of boots
MR     +....                    D - amulet of the gourmand
Stlth  ..........               (no ring)
                                B - ring of protection from fire

@: somewhat resistant to hostile enchantments, extremely unstealthy
A: strong 1
a: Renounce Religion


You were on level 10 of the Dungeon.
You worshipped Vehumet.
Vehumet was pleased with you.
You were completely stuffed.

You visited 2 branches of the dungeon, and saw 11 of its levels.

You collected 402 gold pieces.

Inventory:

Hand weapons
 v - a +4 short sword of speed (weapon)
Armour
 k - a +1 pair of gloves (worn)
 A - the +2 cloak of Starlight (worn) {rElec rC+ EV+4 Stlth--}
   (You found it on level 4 of the Dungeon)

   It affects your evasion (+4).
   It protects you from cold.
   It insulates you from electricity.
   It makes you much less stealthy.
 F - a +0 pair of boots (worn)
 I - a +1 robe of positive energy (worn)
Rods
 j - a -1 lightning rod (13/13)
   (You found it on level 6 of the Dungeon)
Jewellery
 B - a ring of protection from fire (left hand)
 D - an amulet of the gourmand (around neck)
 E - an uncursed ring of teleportation
Magical devices
 e - a wand of fireball (7)
 f - a wand of slowing (6)
 g - a wand of disintegration (0)
 s - a wand of invisibility (9)
Scrolls
 m - a scroll of enchant armour
 z - 2 scrolls of teleportation
 G - 3 scrolls of remove curse
 J - a scroll of magic mapping
 L - a scroll of blinking {unknown}
Potions
 a - 2 potions of haste {unknown}
 d - 3 potions of lignification {unknown}
 l - 5 potions of curing {unknown}
 n - a potion of cancellation
 o - 3 potions of flight {unknown}
 p - 2 potions of degeneration {unknown}
 r - 3 potions of poison
 u - a potion of might
 w - a potion of magic
 x - 2 potions of heal wounds {unknown}
Books
 b - a book of Flames

   Spells                             Type                      Level
   a - Flame Tongue                   Conjuration/Fire             1
   b - Throw Flame                    Conjuration/Fire             2
   c - Conjure Flame                  Conjuration/Fire             3
   d - Inner Flame                    Hexes/Fire                   3
   e - Sticky Flame                   Conjuration/Fire             4
   f - Fireball                       Conjuration/Fire             5
 i - a Grand Grimoire {highlevel, unknown}

   This book is beyond your current level of understanding.

   Spells                             Type                      Level
   a - Aura of Abjuration             Summoning                    6
   b - Summon Greater Demon           Summoning                    7
   c - Malign Gateway                 Summoning/Translocation      7
   d - Summon Horrible Things         Summoning                    8
 y - a book of Unlife

   Spells                             Type                      Level
   a - Recall                         Summoning/Translocation      3
   b - Animate Dead                   Necromancy                   4
   c - Control Undead                 Necromancy                   4
   d - Cigotuvi's Embrace             Necromancy                   5
   e - Death Channel                  Necromancy                   6
   f - Simulacrum                     Ice/Necromancy               6
 H - a book of Alchemy

   Spells                             Type                      Level
   a - Sublimation of Blood           Necromancy                   2
   b - Ignite Poison                  Fire/Transmutation/Poison    3
   c - Alistair's Intoxication        Transmutation/Poison         4
   d - Condensation Shield            Ice                          4
   e - Petrify                        Transmutation/Earth          4
   f - Irradiate                      Conjuration/Transmutation    5
 K - a book of Burglary

   Spells                             Type                      Level
   a - Swiftness                      Charms/Air                   2
   b - Passwall                       Transmutation/Earth          3
   c - Passage of Golubria            Translocation                4
   d - Lee's Rapid Deconstruction     Earth                        5
   e - Invisibility                   Hexes                        6
   f - Darkness                       Hexes                        7
Comestibles
 c - 8 bread rations
 h - 7 fruits
 q - 3 meat rations
 t - 2 chunks of flesh
 C - a slice of pizza
 M - 6 beef jerkies


   Skills:
 + Level 5.2 Fighting
 * Level 6.3 Short Blades
 + Level 7.9 Dodging
 - Level 2.4 Stealth
 - Level 7.5 Spellcasting
 - Level 5.6 Conjurations
 + Level 9.9 Fire Magic
 + Level 1.0 Air Magic


You had 7 spell levels left.
You knew the following spells:

 Your Spells              Type           Power        Failure   Level  Hunger
a - Flame Tongue          Conj/Fire      #####        1%          1    None
b - Throw Flame           Conj/Fire      #####.       1%          2    None
c - Conjure Flame         Conj/Fire      #####...     1%          3    None
d - Sticky Flame          Conj/Fire      #####...     2%          4    ###....
e - Fireball              Conj/Fire      #####.....   10%         5    #####..
f - Swiftness             Chrm/Air       ##......     12%         2    None


Dungeon Overview and Level Annotations

Branches:
Dungeon (10/15)            Temple (1/1) D:6             Orc (0/4) D:9
   Lair: D:8-11

Altars:
Ashenzari
Cheibriados
Dithmenos
Elyvilon
Fedhas
Gozag
Kikubaaqudgha
Makhleb
Nemelex Xobeh
Okawaru
Qazlal
Ru
Sif Muna
Trog
Vehumet
Xom
Yredelemnul
Zin
The Shining One

Shops:
D:8 :


Innate Abilities, Weirdness & Mutations

Your muscles are strong. (Str +2)


Message History

Casting: Flame Tongue
Confirm with . or Enter, or press ? or * to list all spells.
Aiming: Fireball
Press: ? - help, Shift-Dir - straight line, f/p - skeletal warrior
Aim: a skeletal warrior, wielding a glaive (flame, lightly damaged)
The fireball explodes!
The fireball engulfs the skeletal warrior.
The skeletal warrior is moderately damaged.
You hear a shout!
Casting: Fireball
Confirm with . or Enter, or press ? or * to list all spells.
Aiming: Fireball
Press: ? - help, Shift-Dir - straight line, f/p - skeletal warrior
Aim: a skeletal warrior, wielding a glaive (flame, moderately damaged)
The fireball explodes!
The fireball engulfs the skeletal warrior.
The skeletal warrior is moderately damaged.
The skeletal warrior is engulfed in roaring flames.
The skeletal warrior hits you from afar with a glaive!!
You die...

. ####....###.# ...
..........[..# #.# #.#>
####.#..##..###.##
....>######.#..##.......#
................##.####..#
.#.#.#.#.#.#.#..##.# #..#
........#.#.....##.## #..#
#.#.#...#.#.#.#..#...###..#
........z.@...#.......##..#
#.#.....#.#.#.#...........#
...........#.#.#.....###.#
.......#.......##...## #.#
.............## ##.## #.#
#.#.#.#.##### #.#####.#
.....#.# #...<...# #...#.#
######### .#.#


You could see a skeletal warrior.

Vanquished Creatures
  The ghost of OrbSeeker the Chiller, an experienced OpIE (D:4)
  A troll (D:10)
  4 hippogriffs
  3 sky beasts
  Duvessa (D:7)
  A necrophage (D:9)
  3 black bears (D:8)
  4 ice beasts
  4 orc warriors
  6 ogres
  2 phantoms
  A crocodile (D:8)
  3 centaurs
  7 giant frogs
  Dowan (D:7)
  A scorpion (D:8)
  3 killer bees (D:9)
  5 crimson imps
  A giant frog zombie (D:9)
  4 wights (D:8)
  4 hounds
  2 centaur zombies
  2 giant frog skeletons
  6 orc priests
  A jelly (D:6)
  Terence (D:2)
  2 iguanas
  Natasha (thrice) (D:3)
  5 worker ants
  10 orc wizards
  A hound skeleton (D:7)
  7 gnolls
  9 adders
  3 shadow imps
  An ooze (D:3)
  2 adder skeletons
  An adder zombie (D:1)
  4 worms
  5 giant geckos
  19 orcs
  4 ball pythons
  15 bats
  A bat skeleton (D:5)
  A bat zombie (D:1)
  9 giant cockroaches
  15 goblins
  9 hobgoblins
  13 jackals
  5 quokkas
  A giant gecko skeleton (D:4)
  4 giant newts
  A giant spore (D:8)
  17 kobolds
  19 rats
  A ballistomycete (D:8)
259 creatures vanquished.

Notes
Turn   | Place    | Note
--------------------------------------------------------------
     0 | D:1      | laxity, the Deep Elf Fire Elementalist, began the quest for the Orb.
     0 | D:1      | Reached XP level 1. HP: 10/10 MP: 6/6
   279 | D:1      | Reached XP level 2. HP: 15/15 MP: 5/8
   433 | D:1      | Learned a level 2 spell: Throw Flame
   702 | D:1      | Reached XP level 3. HP: 11/19 MP: 0/10
   911 | D:1      | Learned a level 3 spell: Conjure Flame
  1259 | D:2      | Reached skill level 4 in Spellcasting
  1437 | D:2      | Noticed Terence
  1466 | D:2      | Killed Terence
  1466 | D:2      | Reached XP level 4. HP: 24/24 MP: 2/12
  1549 | D:2      | Learned a level 4 spell: Sticky Flame
  2141 | D:3      | Noticed Natasha
  2163 | D:3      | Killed Natasha
  2163 | D:3      | Reached XP level 5. HP: 10/28 MP: 0/14
  2341 | D:3      | Noticed Natasha
  2344 | D:3      | Killed Natasha
  2466 | D:3      | Found a sacrificial altar of Ru.
  2582 | D:3      | Noticed Natasha
  2588 | D:3      | Killed Natasha
  2838 | D:3      | Noticed a giant frog
  2846 | D:3      | Killed a giant frog
  2846 | D:3      | Reached skill level 5 in Spellcasting
  2846 | D:3      | Reached skill level 5 in Fire Magic
  3333 | D:3      | Found a sparkling altar of Nemelex Xobeh.
  3338 | D:3      | Reached XP level 6. HP: 32/32 MP: 6/16
  3408 | D:3      | Learned a level 5 spell: Fireball
  3767 | D:4      | Noticed OrbSeeker's ghost (experienced OpIE)
  3772 | D:4      | Killed OrbSeeker's ghost
  3772 | D:4      | Reached skill level 6 in Spellcasting
  3772 | D:4      | Reached XP level 7. HP: 29/36 MP: 5/18
  4204 | D:4      | Reached skill level 5 in Conjurations
  4608 | D:4      | Reached skill level 7 in Spellcasting
  5472 | D:5      | Entered Level 5 of the Dungeon
  5655 | D:5      | Reached XP level 8. HP: 39/41 MP: 13/21
  5906 | D:5      | Reached skill level 1 in Short Blades
  6067 | D:5      | Reached skill level 1 in Fighting
  6658 | D:6      | Found a stormy altar of Qazlal.
  6984 | D:6      | Found a staircase to the Ecumenical Temple.
  7118 | D:6      | Found a basalt altar of Yredelemnul.
  7153 | D:6      | Identified a scroll of acquirement
  8058 | Temple   | Entered the Ecumenical Temple
  8225 | Temple   | Became a worshipper of Vehumet
  8422 | D:7      | Found a burning altar of Makhleb.
  8807 | D:7      | Noticed Duvessa
  8807 | D:7      | Noticed Dowan
  8819 | D:7      | Killed Duvessa
  8819 | D:7      | Reached skill level 8 in Fire Magic
  8819 | D:7      | Reached XP level 9. HP: 49/49 MP: 10/22
  8826 | D:7      | Killed Dowan
  9102 | D:8      | Reached skill level 5 in Dodging
  9520 | D:8      | Acquired Vehumet's first power
  9520 | D:8      | Offered knowledge of Sandblast by Vehumet.
  9611 | D:8      | Found an iron altar of Okawaru.
 10415 | D:8      | Reached skill level 9 in Fire Magic
 10450 | D:8      | Reached skill level 5 in Short Blades
 11116 | D:8      | Reached XP level 10. HP: 58/58 MP: 17/23
 11143 | D:8      | Found Ifutaga's Book Boutique.
 11897 | D:9      | Found a staircase to the Orcish Mines.
 11906 | D:9      | Offered knowledge of Sting by Vehumet.
 12363 | D:9      | Reached skill level 5 in Fighting
 13218 | D:9      | Gained mutation: Your muscles are strong. (Str +2) [potion of beneficial mutation]
 13227 | D:9      | Offered knowledge of Ignite Poison by Vehumet.
 13684 | D:9      | Found a shimmering altar of Xom.
 13793 | D:9      | Found a deep blue altar of Sif Muna.
 13810 | D:9      | Learned a level 2 spell: Swiftness
 14051 | D:10     | Entered Level 10 of the Dungeon
 14076 | D:10     | Reached skill level 1 in Air Magic
 14258 | D:10     | Noticed a skeletal warrior
 14267 | D:10     | Slain by a skeletal warrior

Action                   |  1- 3 |  4- 6 |  7- 9 | 10-12 || total
-------------------------+-------+-------+-------+-------++-------
Melee: Unarmed           |     4 |       |       |       ||     4
       Short sword       |     5 |     6 |       |    12 ||    23
       Rapier            |       |     1 |   235 |    21 ||   257
 Cast: Flame Tongue      |    72 |    82 |   197 |    65 ||   416
       Conjure Flame     |     1 |     1 |     7 |     3 ||    12
       Throw Flame       |       |    24 |    98 |    57 ||   179
       Sticky Flame      |       |     5 |    15 |    14 ||    34
       Fireball          |       |       |     4 |     6 ||    10
Evoke: Wand              |       |       |     9 |       ||     9
  Use: Scroll            |       |       |    15 |     4 ||    19
       Potion            |       |       |       |     2 ||     2
  Eat: Chunk             |     1 |     8 |    36 |    12 ||    57
       Beef jerky        |       |       |     1 |       ||     1
